 Dungeon Crawl Stone Soup version 0.32-a0-868-g153ae1a8d6 (webtiles) character file.

Game seed: 9746348700392131742

6650 Shayle the Trooper (level 11, -5/84 HPs)
             Began as a Coglin Alchemist on Mar 28, 2024.
             Was a Priest of Beogh.
             Slain by an orc warrior
             ... wielding a +0 hand axe
              (8 damage)
             ... in a bailey.
             The game lasted 00:48:58 (11229 turns).

Shayle the Trooper (Coglin Alchemist)              Turns: 11229, Time: 00:48:59

Health: -5/84      AC:  7    Str:  8    XL:     11   Next: 2%
Magic:  4/17       EV: 11    Int: 19    God:    Beogh [***...]
Gold:   352        SH:  0    Dex: 15    Spells: 6/18 levels left

rFire   . . .        v - +2 dagger (venom) {Rafael}
rCold   . . .        d - +1 club (spect) {Haruki}
rNeg    . . .        a - +0 robe
rPois   .            w - +0 helmet
rElec   .            r - +2 cloak {Will+}
rCorr   .            m - +0 pair of gloves
SInv    .            (no boots)
Will    +....        (amulet unavailable)
Stlth   ++           (ring unavailable)
HPRegen 0.34/turn    (ring unavailable)
MPRegen 0.15/turn    (no gizmo)

%: no passive effects
@: revved
A: off-hand wielding, slow wielding, warmup strikes, no jewellery
a: Invent Gizmo, Renounce Religion, Smiting


You were in a bailey.
You worshipped Beogh.
Beogh was most pleased with you.
You visited 2 branches of the dungeon, and saw 11 of its levels.
You also visited: Bailey.

You collected 446 gold pieces.
You spent 94 gold pieces at shops.

Inventory:

Hand Weapons
 d - a +1 spectral club (offhand) {Haruki}
 o - the +9 dagger "Tiriak" {heavy, *Corrode +Blink rF+ Str+2}
   (You found it on level 2 of the Dungeon)

   Str+2:     It affects your strength (+2).
   rF+:       It protects you from fire.
   +Blink:    It lets you blink.
   *Corrode:  It may corrode you when you take damage.
 t - a +0 sling
 v - a +2 dagger of venom (weapon) {Rafael}
 A - a +0 trident {Renate}
Missiles
 i - a throwing net
 u - 2 boomerangs (quivered)
Armour
 a - a +0 robe (worn)
 m - a +0 pair of gloves (worn)
 r - a +2 cloak of willpower (worn)
 w - a +0 helmet (worn)
Magical Staves
 g - a staff of death
Wands
 c - a wand of paralysis (2)
 j - a wand of quicksilver (1)
 l - a wand of polymorph (20)
 s - a wand of digging (5)
 E - a wand of flame (41)
Scrolls
 f - 2 scrolls of fear
 k - a scroll of amnesia
 y - a scroll of revelation
 B - a scroll of enchant weapon {unknown}
 C - a scroll of torment
 D - a scroll of silence
 H - a scroll of immolation {unknown}
 K - a scroll of vulnerability
Potions
 b - a potion of magic
 e - 2 potions of mutation
 n - a potion of cancellation
 q - 3 potions of haste
 x - a potion of attraction
 F - a potion of brilliance {unknown}
 J - a potion of heal wounds {unknown}
Miscellaneous
 h - a phial of floods (inert)


   Skills:
 + Level 7.5 Fighting
 - Level 1.7 Dodging
 - Level 1.5 Stealth
 + Level 4.0 Spellcasting
 - Level 3.3 Conjurations
 - Level 6.5 Necromancy
 - Level 6.3 Fire Magic
 + Level 6.1 Earth Magic
 - Level 5.3 Alchemy
 - Level 3.7 Invocations


You had 6 spell levels left.
You knew the following spells:

 Your Spells              Type           Power      Damage    Failure   Level
a - Sting                 Conj/Alch      80%        1d8       2%          1
b - Mephitic Cloud        Conj/Alch/Air  14%        N/A       13%         3
c - Sticky Flame          Fire/Alch      25%        2d6       12%         4
d - Olgreb's Toxic Radia  Alch           24%        N/A       16%         4

Your spell library contained the following spells:

 Spells                   Type           Power      Damage    Failure   Level
 Mercury Vapours          Alch/Air       26%        N/A       7%          2
 Animate Dead             Necr           28%        N/A       10%         4
 Inner Flame              Hex/Fire       15%        N/A       12%         3
 Dazzling Flash           Conj/Hex       20%        N/A       21%         3
 Curse of Agony           Necr           28%        N/A       26%         5
 Borgnjor's Vile Clutch   Necr/Erth      13%        N/A       28%         5
 Frozen Ramparts          Ice            6%         1d1       38%         3
 Ozocubu's Armour         Ice            3%         N/A       38%         3
 Irradiate                Conj/Alch      10%        3d15      54%         5
 Death Channel            Necr           14%        N/A       82%         6
 Freezing Cloud           Conj/Ice/Air   4%         6-21      94%         5
 Metabolic Englaciation   Hex/Ice        1%         N/A       98%         5
 Silence                  Hex/Air        1%         N/A       98%         5
 Ignition                 Fire           13%        3d6       100%        8


Dungeon Overview and Level Annotations

Branches:
Dungeon (10/15)            Temple (1/1) D:7          Bailey (1/1)
   Lair: D:8-11         Orc: D:9-12

Altars:
Ashenzari
Cheibriados
Dithmenos
Elyvilon
Fedhas
Gozag
Hepliaklqana
Kikubaaqudgha
Makhleb
Nemelex Xobeh
Okawaru
Qazlal
Ru
Sif Muna
Trog
Uskayaw
Vehumet
Wu Jian
Xom
Yredelemnul
Zin
The Shining One

Shops:
D:5 ([

Annotations:
D:8 2 transporters, yleetSyT's ghost, novice CoAr


Innate Abilities, Weirdness & Mutations

Your facial features look somewhat orcish.
You can wield a second weapon in your off-hand.
It takes a long time for you to wield or remove held weapons.
Your first few attacks do less damage.
You cannot equip rings or amulets.


Message History

The helpless orc warrior fails to defend itself.
You hit the orc warrior with your +2 dagger of venom.
The orc warrior is poisoned.
The orc warrior is lightly wounded.
The helpless orc warrior fails to defend itself.
You hit the orc warrior but do no damage.
Your +1 spectral club {Haruki} hits the orc warrior.
The helpless orc warrior fails to defend itself.
You hit the orc warrior with your +2 dagger of venom.
The orc warrior looks as sick as possible!
The orc warrior is moderately wounded.
The helpless orc warrior fails to defend itself.
You hit the orc warrior with your +1 spectral club.
Your +1 spectral club {Haruki} hits the orc warrior but does no damage.
The helpless orc warrior fails to defend itself.
You hit the orc warrior with your +2 dagger of venom.
The orc warrior is heavily wounded.
The helpless orc warrior fails to defend itself.
You hit the orc warrior but do no damage.
Your +1 spectral club {Haruki} hits the orc warrior but does no damage.
The orc warrior is no longer paralysed.
The orc warrior hits you with a +0 hand axe.
* * * LOW HITPOINT WARNING * * *
The orc warrior hits your +1 spectral club {Haruki} but does no damage.
Unknown command.
Aiming: Throw Flame
Press: ? - help, Shift-Dir - straight line, f/p - orc warrior
Aim: an orc warrior, wielding a +0 hand axe and wearing a +0 ring mail (heavily wounded, extremely poisoned, ally target, 60% to hit)
The puff of flame hits the orc warrior.
The orc warrior is severely wounded.
Your +1 spectral club {Haruki} disappears.
The orc warrior closely misses you.
You hit the orc warrior but do no damage.
The orc warrior looks as sick as possible!
The orc warrior is almost dead.
You miss the orc warrior with your +1 spectral club.
Your +1 spectral club {Haruki} misses the orc warrior.
The orc warrior hits you with a +0 hand axe!
You die...
Beogh appreciates the orc warrior's killing of a heretic priest.

##.......##
#.........#
##..)......## #####
#..)).⌠.....#
#.....##.........##
.......')).......'.
.......##.......##
.g.g... #..)..o.#
....... ##...@(##
...⌠... #######
......g .......
.......


You could see an orc warrior (extremely poisoned) and a friendly +1 spectral
club {Haruki}.

Vanquished Creatures
  A tengu warrior (D:8)
  An orc knight (Bailey)
  Grinder (D:4)
  A vampire (D:8)
  Sigmund (D:2)
  5 yaks
  A wyvern (D:8)
  A vampire mosquito (D:8)
  A water moccasin (D:6)
  6 orc warriors
  2 ice beasts (D:6)
  3 sky beasts (D:8)
  3 ogres
  2 kobold brigands
  5 centaurs
  2 bullfrogs
  2 phantoms
  A scorpion (D:4)
  A wight (D:8)
  A killer bee (D:8)
  3 electric eels (D:6)
  A howler monkey (D:8)
  5 jellies
  4 bombardier beetles
  2 hounds
  7 orc priests
  A gnoll bouda (D:5)
  2 sleepcaps
  An iguana (D:5)
  Ijyb (D:4)
  Natasha (thrice) (D:4)
  7 orc wizards
  Robin (D:3)
  11 adders
  10 gnolls
  A shadow imp (D:3)
  2 white imps (D:7)
  An ufetubus (D:6)
  5 dart slugs
  A ribbon worm (D:3)
  16 orcs
  7 ball pythons
  8 bats
  7 endoplasms
  6 giant cockroaches
  14 goblins
  8 hobgoblins
  4 jackals (D:1)
  9 kobolds
  3 quokkas
  3 training dummies (D:5)
  A frilled lizard (D:3)
  5 rats
  A spectral weapon (Bailey)
202 creatures vanquished.

Vanquished Creatures (collateral kills)
  An ugly thing (D:8)
  A wraith (D:8)
  A shadow imp (D:8)
3 creatures vanquished.

Vanquished Creatures (others)
  An electric eel (D:6)
  3 orcs
4 creatures vanquished.

Grand Total: 209 creatures vanquished

Notes
Turn   | Place    | Note
-------+----------+-------------------------------------------
     0 | D:1      | Shayle the Coglin Alchemist began the quest for the Orb.
     0 | D:1      | Reached XP level 1. HP: 13/13 MP: 3/3
    78 | D:1      | Reached skill level 1 in Conjurations
   179 | D:1      | Reached XP level 2. HP: 19/19 MP: 3/5
   510 | D:1      | Found a faded altar of an unknown god.
   607 | D:1      | Reached XP level 3. HP: 24/24 MP: 4/6
  1390 | D:2      | Reached XP level 4. HP: 30/30 MP: 2/7
  1692 | D:2      | Identified the +9 dagger "Tiriak" {heavy, *Corrode +Blink
                  | rF+ Str+2}
  1724 | D:2      | Found a basalt altar of Yredelemnul.
  2222 | D:2      | Noticed Sigmund
  2240 | D:3      | Learned a level 3 spell: Mephitic Cloud
  2392 | D:3      | Reached XP level 5. HP: 26/35 MP: 2/9
  2510 | D:3      | Noticed Robin
  2524 | D:3      | Killed Robin
  2685 | D:2      | Killed Sigmund
  2686 | D:2      | Reached skill level 5 in Alchemy
  2686 | D:2      | Reached XP level 6. HP: 41/41 MP: 1/11
  2896 | D:2      | Learned a level 4 spell: Sticky Flame
  3158 | D:3      | Reached skill level 1 in Fire Magic
  3478 | D:4      | Reached XP level 7. HP: 32/46 MP: 7/12
  3494 | D:4      | Became a worshipper of Beogh the Shepherd
  3862 | D:4      | Noticed Grinder
  4002 | D:4      | Noticed Ijyb
  4050 | D:4      | Killed Ijyb
  4122 | D:4      | Paralysed by Grinder for 3 turns
  4142 | D:4      | Killed Grinder
  4463 | D:4      | Noticed Natasha
  4469 | D:4      | Killed Natasha
  4470 | D:4      | Reached XP level 8. HP: 32/52 MP: 13/13
  4552 | D:4      | Noticed Natasha
  4557 | D:4      | Killed Natasha
  4558 | D:4      | Reached skill level 5 in Fire Magic
  4706 | D:4      | Noticed Natasha
  4712 | D:4      | Killed Natasha
  5506 | D:5      | Entered Level 5 of the Dungeon
  5749 | D:5      | Found Raen's Firing Range.
  5886 | D:5      | Reached * piety under Beogh
  6028 | D:5      | Found Saestrif's Antique Armour Emporium.
  6033 | D:5      | Bought a pair of gloves for 94 gold pieces
  6188 | D:5      | Found a glowing silver altar of Zin.
  6188 | D:5      | Found a glowing golden altar of the Shining One.
  6190 | D:5      | Found a shimmering blue altar of Sif Muna.
  6192 | D:5      | Identified a scroll of acquirement
  6192 | D:5      | Acquired a +2 cloak of willpower
  6288 | D:6      | Reached skill level 1 in Invocations
  6312 | D:6      | Noticed a shadow
  7189 | D:6      | Reached skill level 1 in Fighting
  7319 | D:7      | Reached skill level 2 in Fighting
  7319 | D:7      | Reached XP level 9. HP: 61/61 MP: 9/14
  7455 | D:7      | Found a staircase to the Ecumenical Temple.
  7496 | Temple   | Entered the Ecumenical Temple
  7572 | D:7      | Reached skill level 3 in Fighting
  7664 | D:7      | Reached skill level 1 in Necromancy
  7664 | D:7      | Reached skill level 1 in Earth Magic
  8040 | D:6      | Reached ** piety under Beogh
  8041 | D:6      | Reached skill level 4 in Fighting
  8935 | D:8      | Noticed a tengu warrior
  8944 | D:8      | Reached skill level 5 in Fighting
  8951 | D:8      | HP: 3/68 [tengu warrior/+0 battleaxe (2)]
  8952 | D:8      | Killed a tengu warrior
  8953 | D:8      | Reached XP level 10. HP: 4/76 MP: 2/15
  9186 | D:8      | Learned a level 4 spell: Olgreb's Toxic Radiance
  9187 | D:8      | Found a transporter.
  9236 | D:8      | Noticed a deep elf pyromancer
  9238 | D:8      | Noticed yleetSyT's ghost (novice CoAr)
  9241 | D:8      | Noticed a centaur warrior
  9244 | D:8      | Noticed a boulder beetle
  9322 | D:8      | Found a transporter.
  9432 | D:8      | Reached skill level 5 in Necromancy
  9488 | D:8      | Reached skill level 6 in Fighting
  9820 | D:8      | Found an ancient bone altar of Kikubaaqudgha.
 10007 | D:8      | Noticed a cyan ugly thing
 10018 | D:8      | Killed a cyan ugly thing
 10019 | D:8      | Reached skill level 5 in Earth Magic
 10650 | D:8      | Reached skill level 7 in Fighting
 10779 | D:10     | Entered Level 10 of the Dungeon
 11007 | D:10     | Noticed a centaur warrior
 11084 | D:10     | Found a flagged portal.
 11097 | Bailey   | Entered a bailey
 11196 | Bailey   | Noticed an orc knight
 11210 | Bailey   | Killed an orc knight
 11211 | Bailey   | Reached XP level 11. HP: 7/84 MP: 1/17
 11221 | Bailey   | HP: 4/84 [gnoll/+0 hand axe (2)]
 11223 | Bailey   | Reached *** piety under Beogh
 11227 | Bailey   | HP: 2/84 [orc warrior/+0 hand axe (3)]
 11229 | Bailey   | Slain by an orc warrior

Illustrated notes

Levels and vault maps discovered:
D:1:      dpeg_chamrin_arrival_tetris, layout_loops_ring,
          shapermc_ecumenical_altar_mp_vishouse, minmay_misc_feat_enclosed
D:2:      layout_rooms, basic_altar, grunt_decor_arrowhead, uniq_sigmund
D:3:      layout_rooms, uniq_robin
D:4:      layout_layer_cave, uniq_natasha, uniq_ijyb, uniq_grinder
D:5:      layout_cave_pools, nicolae_overflow_hidden_temple, serial_shops,
          nicolae_shop_hallway_plus, nicolae_shop_firing_range
D:6:      wad_river_or_something, layout_loops_cross, kennysheep_small_spiral
D:7:      layout_rooms, minmay_temple_entry_statues
D:8:      layout_loops_cross, kennysheep_little_box, nzn_ghost_randoct,
          minmay_pinched_square
D:9:      layout_roguey, kennysheep_orc_monster_closet_entryway,
          serial_co_window_serial, co_window_paths_a,
          co_window_of_opportunity_a, co_window_paths_a, co_window_corner_a,
          co_window_paths_a, co_window_broadway_b, co_window_corner_b,
          co_window_corner_b, co_window_corner_ca, co_window_of_opportunity_c,
          glass_columns_c, uniq_erolcha
D:10:     layout_long_grid, dpeg_lair_monsters, enter_bailey_6
Temple:   compressed_dpeg_circular_temple
Bailey:   bailey_axe_minmay_hex_keep, bailey

Skill      XL: |  1  2  3  4  5  6  7  8  9 10 |
---------------+-------------------------------+-----
Conjurations   | 1 2 3 |  3.3
Spellcasting   | 2 3 4 |  4.0
Alchemy        | 4 5 |  5.3
Fire Magic     | 1 4 6 |  6.3
Invocations    | 3 |  3.7
Fighting       | 2 5 7 |  7.5
Necromancy     | 4 6 |  6.5
Earth Magic    | 4 6 |  6.1
Dodging        | |  1.7
Stealth        | |  1.5

Action                     |  1- 3 |  4- 6 |  7- 9 | 10-12 || total
---------------------------+-------+-------+-------+-------++-------
  Melee: Unarmed           |     4 |       |       |       ||     4
         Dagger            |    44 |       |   168 |   134 ||   346
         Spear             |     3 |    95 |     6 |       ||   104
         Whip              |     3 |    71 |     6 |       ||    80
         Trident           |       |       |    27 |       ||    27
         Club              |       |       |   141 |   137 ||   278
  Throw: Boomerang         |       |       |     1 |       ||     1
   Cast: Sting             |    45 |    68 |    40 |     4 ||   157
         Mephitic Cloud    |       |     7 |    33 |    17 ||    57
         Sticky Flame      |       |       |    14 |    12 ||    26
 Invoke: Convert to Beogh  |       |       |     1 |       ||     1
  Evoke: Wand              |       |       |     9 |     2 ||    11
         Phial of floods   |       |       |       |     1 ||     1
    Use: Scroll            |       |     1 |    14 |     6 ||    21
         Potion            |       |       |     3 |     3 ||     6
   Stab: Confused          |       |     9 |    24 |    19 ||    52
         Sleeping          |       |       |     3 |       ||     3
         Distracted        |       |       |     2 |     1 ||     3
         Paralysed         |       |       |       |     6 ||     6
 Armour: Robe              |    33 |    56 |   127 |    96 ||   312
  Dodge: Dodged            |    31 |    61 |   103 |    65 ||   260

Table legend: (Time is in decaauts)
 A = Elapsed time spent in this place.
 B = Non-inter-level travel time spent in this place.
 C = Inter-level travel time spent in this place.
 D = Time resting spent in this place.
 E = Time spent auto-exploring this place.
 F = Levels seen in this place.
 G = Mean time per level.
                   A        B        C        D        E       F      G
               +--------+--------+--------+--------+--------+-----+--------+
         Total |  11309 |  11077 |    232 |   3147 |   4944 |  12 |  942.4 |
       Dungeon |  11172 |  10940 |    232 |   3082 |   4944 |  10 | 1117.2 |
        Temple |      1 |      1 |      0 |      0 |      0 |   1 |    1.0 |
        Bailey |    135 |    135 |      0 |     65 |      0 |   1 |  135.0 |
               +--------+--------+--------+--------+--------+-----+--------+

Top non-repeatable levels by time:
     D:8: 2087 daAuts
     D:4: 2052 daAuts
     D:6: 1556 daAuts
     D:1: 1437 daAuts
     D:2: 1038 daAuts
     D:3: 996 daAuts
     D:7: 863 daAuts
     D:5: 731 daAuts
    D:10: 319 daAuts
  Bailey: 135 daAuts
     D:9: 87 daAuts
  Temple: 1 daAuts
